 Dungeon Crawl Stone Soup version 0.31-a0-210-gccc998df9b (webtiles) character file.

Game seed: 15019666883119341941

266 qw the Chopper (level 6, -2/39 HPs)
             Began as a Gargoyle Fighter on June 29, 2023.
             Was a Follower of Okawaru.
             Slain by a gnoll
             ... wielding a +1 heavy halberd
              (15 damage)
             ... on level 4 of the Dungeon.
             The game lasted 00:01:30 (2276 turns).

qw the Chopper (Gargoyle Fighter)                   Turns: 2276, Time: 00:01:31

Health: -2/39      AC: 12    Str: 21    XL:     6   Next: 20%
Magic:  3/6        EV: 11    Int:  9    God:    Okawaru [*.....]
Gold:   152        SH:  5    Dex:  9    Spells: 5/5 levels left

rFire   . . .        Y - +1 war axe
rCold   . . .        c - +0 buckler
rNeg    + . .        b - +0 scale mail
rPois   inf          (no helmet)
rElec   +            (no cloak)
rCorr   .            (no gloves)
SInv    .            (no boots)
Will    .....        (no amulet)
Stlth   +            (no ring)
HPRegen 0.26/turn    (no ring)
MPRegen 0.10/turn

%: no passive effects
@: heroic
A: sickness immunity, AC +4, negative energy resistance 1, electricity
resistance, torment resistance 1, petrification resistance
a: Renounce Religion, Heroism


You were on level 4 of the Dungeon.
You worshipped Okawaru.
Okawaru was aware of your devotion.
You visited 1 branch of the dungeon, and saw 4 of its levels.

You collected 152 gold pieces.


Innate Abilities, Weirdness & Mutations

You are immune to sickness and miasma.
Your stone body is resilient. (AC +4)
You are immune to poison.
You resist negative energy. (rN+)
You are resistant to electric shocks. (rElec)
You are resistant to unholy torment.
You are immune to petrification.


   Skills:
 - Level 4.6(9.6) Fighting
 - Level 5.0(10.0) Axes
 - Level 3.2(8.2) Armour
 + Level 0.2(5.2) Dodging
 - Level 3.2(8.2) Shields
 + Level 0.4 Invocations


You had 5 spell levels left.
You didn't know any spells.
Your spell library was empty.

Inventory:

Hand Weapons
 a - a +0 flail
 Y - a +1 war axe (weapon)
Missiles
 k - a boomerang (quivered)
Armour
 b - a +0 scale mail (worn)
 c - a +0 buckler (worn)
Scrolls
 m - a scroll of teleportation
Potions
 d - a potion of might
 e - a potion of curing {unknown}
 f - a potion of invisibility {unknown}
 g - a potion of enlightenment {unknown}
 h - a potion of heal wounds {unknown}
 i - a potion of lignification {unknown}
 j - a potion of haste {unknown}
 l - a potion of cancellation {unknown}
 n - a potion of brilliance {unknown}

Dungeon Overview and Level Annotations

Branches:
Dungeon (4/15)
 Temple: D:4-7

Altars:
Dithmenos
Okawaru
Ru


Message History

2258 ||| FLEEEEING.
2259 ||| STILL FLEEEEING.
2260 ||| FLEEEEING.
2261 ||| FLEEEEING.
2262 ||| FLEEEEING.
There is a stone staircase leading up here.
2263 ||| INVOKING Heroism.
You gain the combat prowess of a mighty hero.
You block the gnoll's attack.
The gnoll hits you from afar with a +1 heavy halberd.
You hit the gnoll.
The gnoll is moderately wounded.
The gnoll hits you with a +0 whip.
You hit the gnoll.
The gnoll is moderately wounded.
The gnoll hits you from afar with a +1 heavy halberd!
The gnoll hits you but does no damage.
You slash the gnoll!
You kill the gnoll!
Okawaru accepts your kill. You block the gnoll's attack.
You see here a +0 whip.
You closely miss the gnoll.
The gnoll hits you with a +1 heavy halberd!
You hit the gnoll.
The gnoll is lightly wounded.
You feel like a meek peon again.
The gnoll hits you with a +1 heavy halberd.
2273 ||| INVOKING Heroism.
You gain the combat prowess of a mighty hero.
You slash the gnoll!
The gnoll is heavily wounded.
You block the gnoll's attack.
You barely miss the gnoll.
The gnoll is heavily wounded.
The gnoll hits you but does no damage.
You closely miss the gnoll.
The gnoll is heavily wounded.
The gnoll hits you with a +1 heavy halberd!
You die...

..######g##
#.........##
########...#
#..>#
###%#######
#.#.....#
#g#.###.#
#g#.# #.#
#########@#.#
#.#
#.......#.#.#
#.#
#.#####.#.#.#
#.# #.#
#.#.#.###.#
#.#
#.#<......#
#.#
#...#.#####
#.#########.#
#...........#
###########.#


You could see 2 gnolls.

Vanquished Creatures
  A black bear (D:4)
  An orc priest (D:3)
  A jelly (D:3)
  An orc wizard (D:3)
  A gnoll (D:4)
  An adder (D:2)
  3 worms
  4 dart slugs
  6 orcs (D:3)
  4 bats
  4 endoplasms
  4 giant cockroaches
  2 hobgoblins
  7 jackals
  3 kobolds
  2 quokkas
  2 ball pythons
  A frilled lizard (D:2)
  A goblin (D:2)
  5 rats
54 creatures vanquished.

Notes
Turn   | Place    | Note
-------+----------+-------------------------------------------
     0 | D:1      | qw the Gargoyle Fighter began the quest for the Orb.
     0 | D:1      | Reached XP level 1. HP: 14/14 MP: 1/1
     0 | D:1      | 0 ||| qw: Version: 0.3-a-24-ga2abf7b
     0 | D:1      | 0 ||| qw: Game counter: 6799
     0 | D:1      | 0 ||| qw: Melee chars always use a shield: true
     0 | D:1      | 0 ||| qw: God list: Okawaru
     0 | D:1      | 0 ||| qw: Allow faded altars: false
     0 | D:1      | 0 ||| qw: Do Orc after clearing Dungeon:15 true
     0 | D:1      | 0 ||| qw: Do second Lair branch before Depths: true
     0 | D:1      | 0 ||| qw: Lair rune preference: random
     0 | D:1      | 0 ||| qw: Goals: Normal, Zot:1-4, Slime:5, God:TSO, Crypt,
                  | Tomb, Abyss, Pan, Hells, Win
     0 | D:1      | 0 ||| PLANNING D:1-11
    37 | D:1      | Reached skill level 2 in Axes
    70 | D:1      | Reached XP level 2. HP: 19/19 MP: 2/2
   362 | D:1      | Reached skill level 3 in Axes
   363 | D:1      | Reached XP level 3. HP: 18/23 MP: 3/3
   514 | D:1      | 514 ||| READING scroll labelled UZIODD DIRITUI.
   595 | D:2      | 595 ||| Stepping ~*~*~tactically~*~*~ (stealth).
   609 | D:2      | 609 ||| Stepping ~*~*~tactically~*~*~ (stealth).
  1026 | D:2      | 1026 ||| DROPPING ring of flight.
  1027 | D:2      | 1027 ||| READING scroll labelled SOCZEU FOMECIO.
  1028 | D:2      | 1028 ||| READING scroll labelled GAETIF VIZAFABAG.
  1121 | D:3      | 1121 ||| DROPPING +0 whip.
  1172 | D:3      | Found an iron altar of Okawaru.
  1173 | D:3      | 1173 ||| PLANNING OKAWARU WORSHIP
  1188 | D:3      | Became a worshipper of Warmaster Okawaru
  1189 | D:3      | 1189 ||| PLANNING D:1-11
  1194 | D:3      | 1194 ||| Stepping ~*~*~tactically~*~*~ (stealth).
  1195 | D:3      | 1195 ||| Stepping ~*~*~tactically~*~*~ (stealth).
  1197 | D:3      | 1197 ||| Stepping ~*~*~tactically~*~*~ (stealth).
  1201 | D:3      | Reached XP level 4. HP: 25/28 MP: 4/4
  1211 | D:3      | Reached skill level 4 in Axes
  1399 | D:3      | Reached XP level 5. HP: 11/32 MP: 5/5
  1514 | D:3      | Found a shadowy altar of Dithmenos.
  1517 | D:3      | 1517 ||| Stepping ~*~*~tactically~*~*~ (hiding).
  1519 | D:3      | 1519 ||| Stepping ~*~*~tactically~*~*~ (hiding).
  1800 | D:3      | Found a sacrificial altar of Ru.
  1803 | D:3      | Reached skill level 5 in Axes
  1869 | D:3      | 1869 ||| READING scroll labelled CUNYHO LOEJE.
  1870 | D:3      | 1870 ||| READING scroll labelled ZAYCICZ LOFFI.
  1902 | D:4      | Noticed a black bear
  1908 | D:4      | Killed a black bear
  1908 | D:4      | Reached * piety under Okawaru
  1909 | D:4      | Reached XP level 6. HP: 30/39 MP: 6/6
  2077 | D:4      | 2077 ||| FLEEEEING.
  2080 | D:4      | 2080 ||| FLEEEEING.
  2081 | D:4      | 2081 ||| FLEEEEING.
  2082 | D:4      | 2082 ||| FLEEEEING.
  2083 | D:4      | 2083 ||| FLEEEEING.
  2098 | D:4      | 2098 ||| FLEEEEING.
  2099 | D:4      | 2099 ||| FLEEEEING.
  2100 | D:4      | 2100 ||| FLEEEEING.
  2101 | D:4      | 2101 ||| FLEEEEING.
  2102 | D:4      | 2102 ||| FLEEEEING.
  2125 | D:4      | 2125 ||| STAIRDANCE
  2129 | D:4      | 2129 ||| STAIRDANCE
  2133 | D:4      | 2133 ||| STAIRDANCE
  2137 | D:4      | 2137 ||| STAIRDANCE
  2141 | D:4      | 2141 ||| STAIRDANCE
  2145 | D:4      | 2145 ||| STAIRDANCE
  2149 | D:4      | 2149 ||| STAIRDANCE
  2155 | D:4      | 2155 ||| STAIRDANCE
  2159 | D:4      | 2159 ||| STAIRDANCE
  2163 | D:4      | 2163 ||| STAIRDANCE
  2167 | D:4      | 2167 ||| STAIRDANCE
  2171 | D:4      | 2171 ||| STAIRDANCE
  2175 | D:4      | 2175 ||| STAIRDANCE
  2179 | D:4      | 2179 ||| STAIRDANCE
  2183 | D:4      | 2183 ||| STAIRDANCE
  2187 | D:4      | 2187 ||| STAIRDANCE
  2191 | D:4      | 2191 ||| STAIRDANCE
  2195 | D:4      | 2195 ||| STAIRDANCE
  2199 | D:4      | 2199 ||| STAIRDANCE
  2203 | D:4      | 2203 ||| STAIRDANCE
  2235 | D:4      | 2235 ||| FLEEEEING.
  2236 | D:4      | 2236 ||| FLEEEEING.
  2237 | D:4      | 2237 ||| FLEEEEING.
  2238 | D:4      | 2238 ||| FLEEEEING.
  2239 | D:4      | 2239 ||| FLEEEEING.
  2240 | D:4      | 2240 ||| FLEEEEING.
  2245 | D:4      | 2245 ||| FLEEEEING.
  2247 | D:4      | 2247 ||| FLEEEEING.
  2248 | D:4      | 2248 ||| FLEEEEING.
  2249 | D:4      | 2249 ||| FLEEEEING.
  2250 | D:4      | 2250 ||| FLEEEEING.
  2251 | D:4      | 2251 ||| FLEEEEING.
  2255 | D:4      | 2255 ||| FLEEEEING.
  2256 | D:4      | 2256 ||| FLEEEEING.
  2257 | D:4      | 2257 ||| FLEEEEING.
  2258 | D:4      | 2258 ||| FLEEEEING.
  2260 | D:4      | 2260 ||| FLEEEEING.
  2261 | D:4      | 2261 ||| FLEEEEING.
  2262 | D:4      | 2262 ||| FLEEEEING.
  2263 | D:4      | 2263 ||| INVOKING Heroism.
  2273 | D:4      | 2273 ||| INVOKING Heroism.
  2276 | D:4      | Slain by a gnoll

Levels and vault maps discovered:
D:1:      amcnicky_arrival_underground_garden, layout_rooms
D:2:      layout_loops_ring
D:3:      layout_rooms, nicolae_overflow_hidden_temple,
          overflow_temple_1_default, nicolae_ru_awakened_eye,
          nicolae_dithmenos_shadow_blocks
D:4:      layout_basic, lemuel_tele_altar, minmay_temple_entry_glassed_door

Skill      XL: |  1  2  3  4  5 |
---------------+----------------+-----
Axes           | 2 3 4 5 |  5.0
Fighting       | 4 |  4.6
Armour         | |  3.2
Dodging        | |  0.2
Shields        | |  3.2
Invocations    | |  0.4

Action                     |  1- 3 |  4- 6 || total
---------------------------+-------+-------++-------
  Melee: War axe           |   118 |    69 ||   187
  Throw: Boomerang         |       |    18 ||    18
 Invoke: Heroism           |       |     2 ||     2
    Use: Scroll            |     3 |     2 ||     5
 Armour: Scale mail        |    64 |    46 ||   110
  Dodge: Dodged            |    62 |    22 ||    84
  Block: Buckler           |    19 |    11 ||    30

Table legend:
 A = Non-vault XP
 B = Vault XP
 C = Vault XP percentage of total XP
 D = Non-vault monster count
 E = Vault monster count
 F = Vault count percentage of total count
                 A         B        C        D         E       F
            +---------+---------+-------+---------+---------+-------
      Total |     380 |       0 |   0.0 |      54 |       0 |   0.0
            +---------+---------+-------+---------+---------+-------
        D:1 |      34 |       0 |   0.0 |      16 |       0 |   0.0
        D:2 |      27 |       0 |   0.0 |      11 |       0 |   0.0
        D:3 |     172 |       0 |   0.0 |      23 |       0 |   0.0
        D:4 |     147 |       0 |   0.0 |       4 |       0 |   0.0
            +---------+---------+-------+---------+---------+-------
